 Dungeon Crawl Stone Soup version 0.30.1-11-g7821555f0a (webtiles) character file.

Game seed: 2909144815577484957

626 SacredBeard the Grave Robber (level 7, -4/45 HPs)
             Began as a Demonspawn Necromancer on Nov 6, 2023.
             Succumbed to a killer bee's poison
             ... on level 5 of the Dungeon.
             The game lasted 00:09:58 (3602 turns).

SacredBeard the Grave Robber (DsNe)                 Turns: 3602, Time: 00:09:59

Health: -4/45      AC:  9    Str: 11    XL:     7   Next: 23%
Magic:  1/23       EV: 12    Int: 19    God:
Gold:   233        SH:  0    Dex: 14    Spells: 15/16 levels left

rFire   . . .        g - +2 dagger (venom)
rCold   . . .        (no shield)
rNeg    . . .        a - +0 robe
rPois   .            q - +0 helmet
rElec   .            B - +0 cloak
rCorr   .            t - +0 pair of gloves
SInv    .            C - +0 pair of boots
Will    .....        j - amulet of guardian spirit
Stlth   ++           i - ring of magical power
HPRegen 0.27/turn    (no ring)
MPRegen 0.18/turn

%: guardian spirit
@: lethally poisoned (-4 -> -40)
A: hooves 2, thin metallic scales 2, demonic guardian 1, powered by death 1,
clever 1, frail 1, strong 1
a: no special abilities


You were on level 5 of the Dungeon.
You visited 1 branch of the dungeon, and saw 6 of its levels.

You collected 233 gold pieces.

Inventory:

Hand Weapons
 g - a +2 dagger of venom (weapon)
 p - a +2 whip of pain
Missiles
 m - 30 stones
 n - 6 boomerangs
 v - 6 poisoned darts
Armour
 a - a +0 robe (worn)
 q - a +0 helmet (worn)
 t - a +0 pair of gloves (worn)
 B - a +0 cloak (worn)
 C - a +0 pair of boots (worn)
Jewellery
 i - a ring of magical power (left hand)
 j - an amulet of guardian spirit (around neck)
 u - an amulet of magic regeneration
 w - a ring of fire
Wands
 y - a wand of digging (2)
Scrolls
 d - 2 scrolls of poison
 e - a scroll of blinking {unknown}
 k - a scroll of enchant armour {unknown}
 s - 2 scrolls of identify
 x - a scroll of vulnerability {unknown}
 A - a scroll of noise {unknown}
Potions
 b - 2 potions of magic
 c - 3 potions of mutation
 f - 2 potions of flight {unknown}
 h - 2 potions of heal wounds {unknown}
 l - a potion of brilliance {unknown}
 o - a potion of curing {unknown}
 r - 2 potions of haste {unknown}
 z - 2 potions of lignification {unknown}


   Skills:
 - Level 2.0 Fighting
 + Level 1.8 Armour
 - Level 2.0 Dodging
 - Level 1.7 Stealth
 - Level 5.0 Spellcasting
 - Level 7.0 Necromancy


You had 15 spell levels left.
You knew the following spells:

 Your Spells              Type           Power      Damage    Failure   Level
a - Necrotise             Necr           100%       1d9       1%          1

Your spell library contained the following spells:

 Spells                   Type           Power      Damage    Failure   Level
 Vampiric Draining        Necr           31%        2d8       1%          3
 Animate Dead             Necr           31%        N/A       7%          4
 Sandblast                Erth           8%         2d5       12%         1
 Passwall                 Tmut/Erth      3%         N/A       19%         2
 Agony                    Necr           31%        N/A       19%         5
 Stone Arrow              Conj/Erth      8%         3d7       36%         3
 Summon Forest            Summ/Tloc      2%         N/A       98%         5
 Eringya's Noxious Bog    Tmut/Pois      2%         N/A       100%        6
 Summon Hydra             Summ           2%         N/A       100%        7


Dungeon Overview and Level Annotations

Branches:
Dungeon (6/15) Zot: 26988
 Temple: D:4-7

Altars:

Annotations:
D:1 1 runed translucent door


Innate Abilities, Weirdness & Mutations

You have hoof-like feet.
You are mostly covered in thin metallic scales. (AC +3)
A weak demonic guardian rushes to your aid.
You regenerate a little health from kills.
Your mind is acute. (Int +4, Str/Dex -1)
You are frail. (-10% HP)
Your muscles are strong. (Str +4, Int/Dex -1)


Message History

The killer bee barely misses you. x3
The killer bee stings you but does no damage.
The killer bee stings you.
You are more poisoned.
The killer bee poisons you! The killer bee barely misses you. x2
The killer bee stings you!
You are too injured to fight recklessly!
Unknown command.
You are too injured to fight recklessly!
Unknown command.
You are too injured to fight recklessly!
You are too injured to fight recklessly!
Unknown command.
You are too injured to fight recklessly!
You are too injured to fight recklessly!
Unknown command.
You are too injured to fight recklessly!
Unknown command.
Unknown command.
You are too injured to fight recklessly!
You are too injured to fight recklessly!
Unknown command.
Unknown command.
Unknown command.
Unknown command.
Unknown command.
You feel very sick. The killer bee stings you.
You are more poisoned.
The killer bee poisons you! The killer bee stings you.
The killer bee stings you!
* * * LOW HITPOINT WARNING * * *
The killer bee stings you!
* * * LOW HITPOINT WARNING * * *
The killer bee barely misses you. x2; The killer bee stings you.
* * * LOW HITPOINT WARNING * * *
You are more poisoned.
The killer bee poisons you!
The killer bee stings you but does no damage.
You die...

#######
......y####
......y@..##
......yy...###
...........>.#
..............#
...5..........#
...............#
..............##
.............##
..........##


You could see 4 killer bees and a white imp.

Vanquished Creatures
  Eustachio (D:4)
  A bullfrog (D:4)
  A scorpion (D:4)
  A killer bee (D:5)
  2 orc priests (D:3)
  A jelly (D:4)
  A sleepcap (D:3)
  2 orc wizards
  2 adders
  2 worms
  5 dart slugs
  4 orcs
  3 endoplasms
  8 giant cockroaches
  10 goblins
  8 hobgoblins
  8 kobolds
  4 quokkas (D:1)
  5 ball pythons
  5 bats
  2 frilled lizards (D:1)
  4 rats
80 creatures vanquished.

Vanquished Creatures (collateral kills)
  An orc priest (D:4)
  An adder (D:4)
  2 orcs (D:4)
  A giant cockroach (D:3)
  2 goblins
7 creatures vanquished.

Grand Total: 87 creatures vanquished

Notes
Turn   | Place    | Note
-------+----------+-------------------------------------------
     0 | D:1      | SacredBeard the Demonspawn Necromancer began the quest for
                  | the Orb.
     0 | D:1      | Reached XP level 1. HP: 13/13 MP: 3/3
     1 | D:1      | Found a runed translucent door.
   159 | D:1      | Gained mutation: You are partially covered in thin metallic
                  | scales. (AC +2) [demonic ancestry]
   159 | D:1      | Reached XP level 2. HP: 19/19 MP: 0/5
   399 | D:1      | Reached skill level 5 in Necromancy
   602 | D:1      | Gained mutation: You regenerate a little health from kills.
                  | [demonic ancestry]
   602 | D:1      | Reached XP level 3. HP: 24/24 MP: 6/6
  1780 | D:2      | Gained mutation: You have large cloven feet. [demonic
                  | ancestry]
  1780 | D:2      | Reached XP level 4. HP: 30/30 MP: 8/8
  2243 | D:3      | Reached skill level 6 in Necromancy
  2473 | D:3      | Gained mutation: A weak demonic guardian rushes to your
                  | aid. [demonic ancestry]
  2473 | D:3      | Reached XP level 5. HP: 34/35 MP: 9/9
  3081 | D:4      | Reached skill level 7 in Necromancy
  3081 | D:4      | Reached XP level 6. HP: 32/41 MP: 10/11
  3393 | D:4      | Noticed Eustachio
  3405 | D:4      | Reached skill level 5 in Spellcasting
  3414 | D:4      | Gained mutation: Your mind is acute. (Int +4, Str/Dex -1)
                  | [potion of mutation]
  3414 | D:4      | Gained mutation: You are frail. (-10% HP) [potion of
                  | mutation]
  3414 | D:4      | Gained mutation: You have hoof-like feet. [potion of
                  | mutation]
  3414 | D:4      | Gained mutation: Your muscles are strong. (Str +4, Int/Dex
                  | -1) [potion of mutation]
  3422 | D:4      | Killed Eustachio
  3423 | D:4      | Reached skill level 1 in Fighting
  3423 | D:4      | Reached skill level 1 in Armour
  3423 | D:4      | Gained mutation: You are mostly covered in thin metallic
                  | scales. (AC +3) [demonic ancestry]
  3423 | D:4      | Reached XP level 7. HP: 4/44 MP: 3/14
  3583 | D:4      | You fall into a shaft and drop 2 floors!
  3590 | D:5      | Entered Level 5 of the Dungeon
  3602 | D:5      | Succumbed to a killer bee's poison

Illustrated notes

Levels and vault maps discovered:
D:1:      dpeg_arrival_caged_fury, layout_basic, minmay_pentomino_w4
D:2:      layout_loops_corners
D:3:      layout_loops_ring
D:4:      layout_loops_ring, fedhas_altar_fruit_tree, serial_bayou_pond_e,
          cheibrodos_gnoll_hut, uniq_eustachio
D:5:      layout_cave_pods, minmay_temple_entry_mini_moons
D:6:      layout_cave_pods, minivault_23

Skill      XL: |  1  2  3  4  5  6  7 |
---------------+----------------------+-----
Necromancy     | 5 6 7 |  7.0
Spellcasting   | 3 5 |  5.0
Fighting       | 1 2 |  2.0
Armour         | 1 |  1.8
Dodging        | 2 |  2.0
Stealth        | |  1.7

Action                     |  1- 3 |  4- 6 |  7- 9 || total
---------------------------+-------+-------+-------++-------
  Melee: Dagger            |     9 |    29 |       ||    38
         Kick              |       |     2 |       ||     2
   Cast: Necrotise         |    86 |    78 |     7 ||   171
    Use: Scroll            |       |     1 |       ||     1
         Potion            |       |     1 |       ||     1
 Armour: Robe              |     8 |    31 |     7 ||    46
  Dodge: Dodged            |    17 |    80 |    13 ||   110
